 Dungeon Crawl Stone Soup version 0.23.2-1-ga50397a (webtiles) character file.

Game seed: 5470946402343052921

1302 teukkam the Cudgeler (level 8, 0/71 HPs)
             Began as a Minotaur Fighter on May 29, 2019.
             Was an Initiate of Gozag.
             Slain by a water moccasin (4 damage)
             ... on level 6 of the Dungeon.
             The game lasted 00:20:04 (4011 turns).

teukkam the Cudgeler (Minotaur Fighter)             Turns: 4011, Time: 00:20:05

Health: 0/71       AC:  3    Str: 24    XL:     8   Next: 31%
Magic:  7/7        EV:  2    Int:  5    God:    Gozag
Gold:   527        SH:  0    Dex: -3 (9) Spells: 7/7 levels left

rFire    . . .     SeeInvis .   a - +1 dagger (venom)
rCold    . . .     Gourm    .   g - +2 shield
rNeg     + . .     Faith    .   h - +0 leather armour {rPois}
rPois    +         Spirit   .   (helmet restricted)
rElec    .         Reflect  .   (no cloak)
rCorr    .         Harm     .   (no gloves)
MR       .....                  (no boots)
Stlth    ..........             x - amulet of magic regeneration
HPRegen  0.21/turn              v - ring of positive energy
MPRegen  0.35/turn              (no ring)

@: berserk cooldown, slowed, lost dexterity, very slow
A: retaliatory headbutt, horns 2
a: Potion Petition, Call Merchant, Bribe Branch, Renounce Religion


You were on level 6 of the Dungeon.
You worshipped Gozag.
Gozag was pleased with you.
You were not hungry.

You visited 1 branch of the dungeon, and saw 7 of its levels.

You collected 744 gold pieces.
You spent 217 gold pieces at shops.

Inventory:

Hand Weapons
 a - a +1 dagger of venom (weapon)
 b - a +0 hunting sling
 c - a +2 flail of protection
 i - a +0 war axe
 y - a +2 antimagic short sword
 A - a +0 short sword of draining
Missiles
 j - 19 bolts
 o - 62 stones (quivered)
 q - 44 sling bullets
Armour
 g - a +2 shield (worn)
 h - a +0 leather armour of poison resistance (worn)
Jewellery
 v - a ring of positive energy (left hand)
 x - an amulet of magic regeneration (around neck)
Scrolls
 d - a scroll of identify
 k - 4 scrolls of remove curse
 l - 2 scrolls of teleportation
 m - a scroll of fog
 n - a scroll of enchant armour {unknown}
 p - a scroll of magic mapping {unknown}
 r - 2 scrolls of enchant weapon {unknown}
 s - a scroll of blinking {unknown}
 u - a scroll of random uselessness {unknown}
Potions
 z - a potion of flight
Comestibles
 f - 7 rations


   Skills:
 - Level 6.3 Fighting
 - Level 4.4 Short Blades
 - Level 2.6(5.5) Axes
 + Level 7.5(7.8) Maces & Flails
 - Level 1.3 Slings
 - Level 6.3 Armour
 - Level 3.8 Shields


You had 7 spell levels left.
You didn't know any spells.
Your spell library was empty.

Dungeon Overview and Level Annotations

Branches:
Dungeon (7/15)             Temple (0/1) D:4

Altars:
Ashenzari
Gozag
Kikubaaqudgha
Qazlal
Wu Jian

Shops:
D:4 [   D:5 ((

Annotations:
D:3 1 runed translucent door, Crazy Yiuf, Terence


Innate Abilities, Weirdness & Mutations

You reflexively headbutt those who attack you in melee.
You have a pair of horns on your head.


Message History

Press: ? - help, Shift-Dir - straight line, f - water moccasin
Aim: a water moccasin The mass of ice explodes!
The iceblast engulfs the water moccasin!
The water moccasin is heavily wounded.
You hear an angry hiss.
Evoke which item? (* to show all) (? for menu, Esc to quit)
Aiming: Iceblast
Press: ? - help, Shift-Dir - straight line, f/p - water moccasin
Aim: a water moccasin (heavily wounded)
The mass of ice explodes!
The iceblast engulfs the water moccasin.
The water moccasin is severely wounded.
The now-empty wand crumbles to dust.
The water moccasin bites you.
* * * LOW HITPOINT WARNING * * *
You hit the water moccasin.
The water moccasin is almost dead.
The water moccasin bites you.
You die...
Your body crumbles into a pile of gold.

....[.........
..#. #.....#
#.#.......####
#.# ..#####
#.#....... ...
###h#####.##
#.#
#.Sh.....(.
#.#
#.##.#####.
#.# #F# ...
#.# #.# ###..
#S# #.# .. #@#
... . #.# ..#
#.# ... #.#
.## #.# #.#
#.# ...


You could see a water moccasin.

Vanquished Creatures
  A hippogriff (D:5)
  Eustachio (D:6)
  An ice beast (D:4)
  A sky beast (D:7)
  A phantom (D:5)
  A centaur (D:5)
  2 bullfrogs (D:6)
  A bullfrog zombie (D:5)
  2 crimson imps
  A bullfrog skeleton (D:5)
  Jessica (D:3)
  An iguana (D:4)
  3 worker ants
  2 hound skeletons (D:4)
  4 gnolls (D:5)
  8 adders
  2 howler monkey skeletons
  A shadow imp (D:5)
  2 adder skeletons (D:4)
  A dart slug (D:1)
  3 leopard geckos
  An orc (D:5)
  3 bats
  4 giant cockroaches
  8 goblins
  3 hobgoblins
  8 jackals
  4 kobolds
  A quokka (D:4)
  2 ball pythons
  3 frilled lizards
  A jackal skeleton (D:5)
  9 rats
87 creatures vanquished.

Vanquished Creatures (others)
  7 toadstools (D:7)
7 creatures vanquished.

Grand Total: 94 creatures vanquished

Notes
Turn   | Place    | Note
-------+----------+-------------------------------------------
     0 | D:1      | teukkam the Minotaur Fighter began the quest for the Orb.
     0 | D:1      | Reached XP level 1. HP: 19/19 MP: 0/0
    66 | D:1      | Reached XP level 2. HP: 20/27 MP: 1/1
   119 | D:2      | Found a faded altar of an unknown god.
   144 | D:2      | Became a worshipper of Gozag Ym Sagoz the Greedy
   146 | D:2      | Reached skill level 1 in Short Blades
   146 | D:2      | Reached XP level 3. HP: 28/33 MP: 2/2
   721 | D:2      | Found an ancient bone altar of Kikubaaqudgha.
   721 | D:2      | Found a stormy altar of Qazlal.
   722 | D:2      | Found an ornate altar of the Wu Jian Council.
   950 | D:2      | Found a shattered altar of Ashenzari.
  1111 | D:2      | Reached XP level 4. HP: 41/41 MP: 3/3
  1233 | D:3      | Noticed Terence
  1252 | D:3      | Noticed Jessica
  1260 | D:3      | Killed Jessica
  1292 | D:3      | Found a runed translucent door.
  1293 | D:3      | Noticed Crazy Yiuf
  1340 | D:4      | Reached XP level 5. HP: 35/47 MP: 4/4
  1340 | D:4      | Reached skill level 5 in Armour
  1359 | D:4      | Reached skill level 5 in Fighting
  1468 | D:4      | Found Lulepic's Antique Armour Boutique.
  1488 | D:4      | Bought a glowing shield for 217 gold pieces
  1507 | D:4      | Found a staircase to the Ecumenical Temple.
  1856 | D:4      | Noticed an ice beast
  1864 | D:4      | Reached XP level 6. HP: 29/56 MP: 5/5
  1876 | D:4      | Killed an ice beast
  1994 | D:5      | Entered Level 5 of the Dungeon
  2062 | D:5      | Reached XP level 7. HP: 34/63 MP: 6/6
  2130 | D:5      | Reached skill level 1 in Slings
  2392 | D:5      | Found Unga's Weapon Boutique.
  2433 | D:5      | Found Uzxo's Antique Weapon Shoppe.
  2433 | D:5      | Noticed a hippogriff
  2447 | D:5      | Killed a hippogriff
  2447 | D:5      | Reached skill level 4 in Maces & Flails
  3021 | D:5      | Reached skill level 5 in Maces & Flails
  3169 | D:6      | Reached XP level 8. HP: 45/71 MP: 7/7
  3192 | D:7      | Reached skill level 6 in Maces & Flails
  3781 | D:6      | Noticed Eustachio
  3827 | D:6      | Lost dexterity.
  3845 | D:6      | Killed Eustachio
  3845 | D:6      | Reached skill level 7 in Maces & Flails
  4011 | D:6      | Slain by a water moccasin

Skill      XL: |  1  2  3  4  5  6  7  8 |
---------------+-------------------------+-----
Fighting       | 4 5 6 |  6.3
Armour         | 4 5 6 |  6.3
Short Blades   | 1 2 3 4 |  4.4
Slings         | 1 |  1.3
Maces & Flails | 5 7 |  7.5
Axes           | |  2.6
Shields        | |  3.8

Action                   |  1- 3 |  4- 6 |  7- 9 || total
-------------------------+-------+-------+-------++-------
Melee: War axe           |    18 |     8 |     6 ||    32
       Headbutt          |     9 |    25 |    25 ||    59
       Dagger            |    64 |    94 |   150 ||   308
       Flail             |       |       |     7 ||     7
 Fire: Hunting sling     |       |     4 |     4 ||     8
Invok: Potion Petition   |       |     1 |       ||     1
Evoke: Wand              |       |     2 |     5 ||     7
  Use: Potion            |     2 |     4 |     4 ||    10
       Scroll            |       |     5 |     6 ||    11
 Stab: Invisible         |       |     1 |       ||     1
       Distracted        |       |       |     1 ||     1
  Eat: Ration            |       |     1 |     2 ||     3
Armor: Scale mail        |    45 |    18 |       ||    63
       Leather armour    |       |     7 |    88 ||    95
       Skin              |       |       |     3 ||     3
Dodge: Dodged            |    33 |    26 |    56 ||   115
Block: Shield            |    38 |    54 |    79 ||   171
